 Dungeon Crawl Stone Soup version 0.31.0-12-g77e489cdc1 (webtiles) character file.

Game seed: 16633277424227908812

25 Killerpretzel the Changeling (level 3, -4/23 HPs)
             Began as an Octopode Shapeshifter on Mar 7, 2024.
             Slain by a gnoll
             ... wielding a +1 flail of venom
              (14 damage)
             ... on level 1 of the Dungeon.
             The game lasted 00:00:22 (472 turns).

Killerpretzel the Changeling (Octopode Shapeshifter) Turns: 472, Time: 00:00:23

Health: -4/23      AC:  1    Str: 13    XL:     3   Next: 6%
Magic:  3/3        EV: 13    Int: 12    God:
Gold:   41         SH:  0    Dex: 13    Spells: 2/2 levels left

rFire   . .          .
                       - Unarmed
rCold   . . .        (no shield)
rNeg    . . .        (helmet currently unavailable)
rPois   .            (no amulet)
rElec   .            (no ring)
rCorr   .            (no ring)
SInv    .            (no ring)
Will    .....        (no ring)
Stlth   ++           (no ring)
HPRegen 0.23/turn    (no ring)
MPRegen 0.08/turn    (no ring)
                     (no ring)

%: no passive effects
@: lethally poisoned (-4 -> -19), beast-form
A: beast (slay +1), almost no armour, amphibious, 8 rings, camouflage 1,
gelatinous body 1, (nimble swimmer 1), tentacles
a: Begin Untransformation


You were on level 1 of the Dungeon.
You were a hulking beast.
You visited 1 branch of the dungeon, and saw 1 of its levels.

You collected 41 gold pieces.

Inventory:

Talismans
 b - a beast talisman
 c - a flux talisman
Scrolls
 e - a scroll of blinking {unknown}
 f - a scroll of acquirement {unknown}
Potions
 a - a potion of lignification
 d - a potion of resistance {unknown}


   Skills:
 + Level 1.4 Fighting
 + Level 2.3 Dodging
 + Level 3.2 Unarmed Combat
 * Level 3.4 Shapeshifting


You had 2 spell levels left.
You didn't know any spells.
Your spell library was empty.

Dungeon Overview and Level Annotations

Branches:
Dungeon (1/15)

Altars:


Innate Abilities, Weirdness & Mutations

You are a hulking beast.
Your limbs bulge with bestial killing power. (Slay +1)
You cannot wear most types of armour.
You are amphibious.
You can wear up to eight rings at the same time.
Your skin changes colour to match your surroundings (Stealth+).
Your rubbery body absorbs attacks. (AC +1, EV +1)
((You are camouflaged when in or above water. (Stealth+)))
You have tentacles for arms and can constrict up to eight enemies at once.


Message History

A gnoll comes into view. It is wielding a +1 flail of venom.
The gnoll shouts!
You hear a shout!
The gnoll hits you with a +1 flail of venom!
You are lethally poisoned!
A kobold comes into view. It is wielding a +0 dagger.
You are too injured to fight recklessly!
You are too injured to fight recklessly!
You are too injured to fight recklessly!
You are too injured to fight recklessly!
You are too injured to fight recklessly!
There is a lethal amount of poison in your body!
You are too injured to fight recklessly!
You are too injured to fight recklessly!
You are too injured to fight recklessly!
You are too injured to fight recklessly!
You are too injured to fight recklessly!
You are too injured to fight recklessly!
You are too injured to fight recklessly!
You are too injured to fight recklessly!
You are too injured to fight recklessly!
You are too injured to fight recklessly!
There is a lethal amount of poison in your body!
You are too injured to fight recklessly!
You are too injured to fight recklessly!
You are too injured to fight recklessly!
You are too injured to fight recklessly!
You are too injured to fight recklessly!
You are too injured to fight recklessly!
You are too injured to fight recklessly!
You are too injured to fight recklessly!
You are too injured to fight recklessly!
You are too injured to fight recklessly!
There is a lethal amount of poison in your body!
You tentacle-slap the gnoll. Your grab misses the gnoll.
Your squeeze misses the gnoll.
The gnoll is lightly wounded.
You feel very sick.
The gnoll hits you with a +1 flail of venom!
Ouch! That really hurt!
You die...

≈≈....~~ ######
#.#P..#.(#
≈§≈≈≈... .....#
###.#Pb.#K.#
≈§§≈≈≈≈. .....#
#...#...#.(#
#######. .....#
#...#####..#
##.. .....#
#..........#
#..# .....#
#..!.......#
#.## .....#
#..........# #.#
.....#
#......hg..# #.#
.....#
#.?....#####
#####.# #..#####
#......#
###.....# ##.#
##. #......#
#.......#
#.#P##.##.####.#
## #.#.....#
#.#.P#....# #.#
P.. #.#.#####
##.#..##..##
#.##### #.#.#
...#..##..# #..
..# ##...#
...#..###.#
..###...##


You could see a gnoll and a kobold.

Vanquished Creatures
  3 endoplasms (D:1)
  2 giant cockroaches (D:1)
  A goblin (D:1)
  A hobgoblin (D:1)
  2 kobolds (D:1)
  2 quokkas (D:1)
  4 ball pythons (D:1)
  3 bats (D:1)
  2 frilled lizards (D:1)
  2 rats (D:1)
22 creatures vanquished.

Notes
Turn   | Place    | Note
-------+----------+-------------------------------------------
     0 | D:1      | Killerpretzel the Octopode Shapeshifter began the quest for
                  | the Orb.
     0 | D:1      | Reached XP level 1. HP: 13/13 MP: 1/1
    41 | D:1      | Reached XP level 2. HP: 5/18 MP: 2/2
   191 | D:1      | Found a faded altar of an unknown god.
   400 | D:1      | Reached XP level 3. HP: 23/23 MP: 3/3
   472 | D:1      | Slain by a gnoll

Illustrated notes

Levels and vault maps discovered:
D:1:      dpeg_arrival_shrine, layout_rooms, serial_aquarium,
          aquarium_bridge_straight [aquarium_subvault_bridge,
          aquarium_subvault_window, aquarium_subvault_bridge,
          aquarium_subvault_wall], aquarium_window_3, aquarium_window_fake,
          aquarium_window_2, aquarium_window_fake, aquarium_view_2b,
          aquarium_pool_1, nicolae_ecumenical_snake_handling

Action                     || total
---------------------------++-------
  Melee: Unarmed           ||    42
         Constrict         ||     7
         Tentacles         ||     6
         Punch             ||     1
   Stab: Sleeping          ||     6
 Armour: Skin              ||    17
  Dodge: Dodged            ||    31
